 Dungeon Crawl Stone Soup version 0.30-a0-782-ge64f9170bb (console) character file.

Game seed: 11343831336025923697

324168 utis the Phalangite (level 21, -12/138 HPs)
             Began as a Tengu Wanderer on Mar 12, 2023.
             Mangled by Mara (illusionary)
             ... wielding a +2 demon trident of pain
              (16 damage)
             ... on level 2 of the Depths on Mar 15, 2023.
             The game lasted 04:11:33 (74375 turns).

utis the Phalangite (Tengu Wanderer)               Turns: 74375, Time: 04:11:34

Health: -12/138    AC: 28    Str: 14    XL:     21   Next: 95%
Magic:  8/43       EV: 21    Int: 20    God:
Gold:   1000       SH:  0    Dex: 15    Spells: 5/36 levels left

rFire   . . .      SeeInvis +    H - +9 bardiche (flame)
rCold   + + .      Faith    .    (shield currently unavailable)
rNeg    . . .      Spirit   .    z - +4 ring mail of Hubrol {Slay+2 Stlth+}
rPois   .          Reflect  .    U - +3 crown of Dyrovepreva {rElec Int+2 SInv}
rElec   +          Harm     .    u - +2 cloak {Will+}
rCorr   +          Rampage  .    N - +4 pair of gloves "Nypp" {rC++ rCorr Dex-3 SInv}
Will    ++...                    (boots unavailable)
Stlth   ++                       K - amulet of the acrobat
HPRegen 0.43/turn                W - ring of magical power
MPRegen 0.28/turn                O - +4 ring of protection

@: flying quickly and evasively, quick
A: beak, talons 3, nimble flight
}: 1/15 runes: serpentine
a: no special abilities


You were on level 2 of the Depths.
You visited 6 branches of the dungeon, and saw 32 of its levels.
You also visited: Gauntlet, Ice Cave and Volcano.

You collected 3875 gold pieces.
You spent 2875 gold pieces at shops.

Inventory:

Hand Weapons
 a - a +2 spear of venom
 y - the +2 short sword "Deobby" {vamp, rF+++ rN+ Dex+3}
   (You found it in a Gauntlet)

   Dex:       It affects your dexterity (+3).
   rF:        It renders you almost immune to fire.
   rN:        It protects you from negative energy.
 H - a +9 bardiche of flaming (weapon)
Armour
 b - +0 fire dragon scales
 u - a +2 cloak of willpower (worn)
 z - the +4 ring mail of Hubrol (worn) {Slay+2 Stlth+}
   (You bought it in a shop on level 2 of the Vaults)

   Slay:      It affects your accuracy & damage with ranged weapons and melee
   (+2).
   Stlth:     It makes you more stealthy.
 N - the +4 pair of gloves "Nypp" (worn) {rC++ rCorr Dex-3 SInv}
   (You found it on level 1 of the Depths)

   Dex:       It affects your dexterity (-3).
   rC:        It greatly protects you from cold.
   SInv:      It lets you see invisible.
   rCorr:     It protects you from acid and corrosion.
 U - the +3 crown of Dyrovepreva (worn) {rElec Int+2 SInv}
   (You bought it in a shop on level 2 of the Orcish Mines)

   Int:       It affects your intelligence (+2).
   rElec:     It insulates you from electricity.
   SInv:      It lets you see invisible.
 Y - a +2 pair of gloves of stealth
Jewellery
 c - a ring of ice
 f - a ring of protection from fire
 g - an amulet of regeneration {@e1}
 j - the ring of Olia {Fly Will+ rCorr Dex+3 Slay-2}
   (You found it on level 2 of the Vaults)

   [ring of flight]

   Dex:       It affects your dexterity (+3).
   Slay:      It affects your accuracy & damage with ranged weapons and melee
   (-2).
   Fly:       It grants you flight.
   rCorr:     It protects you from acid and corrosion.
   Will:      It increases your willpower.
 l - a ring of protection from fire
 n - a ring of positive energy
 C - a ring of protection from cold
 F - a ring of protection from fire
 G - an amulet of guardian spirit
 K - an amulet of the acrobat (around neck)
 O - a +4 ring of protection (right hand)
 P - a ring of poison resistance
 W - a ring of magical power (left hand)
 Z - a ring of wizardry
Wands
 i - a wand of polymorph (6)
 o - a wand of paralysis (33)
 q - a wand of light (25)
 t - a wand of flame (30)
 J - a wand of mindburst (10)
 L - a wand of digging (7)
 S - a wand of iceblast (26)
Scrolls
 d - 5 scrolls of poison
 e - 11 scrolls of teleportation {@r4}
 s - 2 scrolls of blinking
 v - 7 scrolls of silence {!r}
 x - a scroll of magic mapping
 A - 9 scrolls of fog
 B - 3 scrolls of summoning
 D - 5 scrolls of vulnerability
 E - 6 scrolls of enchant armour
 I - 5 scrolls of fear
 R - 2 scrolls of amnesia
 X - 9 scrolls of identify {@r1}
Potions
 h - 2 potions of haste {@q3}
 k - 6 potions of heal wounds {@q2}
 m - 2 potions of berserk rage {!q}
 p - 18 potions of curing {@q1}
 r - 3 potions of brilliance
 w - 2 potions of invisibility
 M - 3 potions of ambrosia
 Q - a potion of cancellation
 T - 6 potions of might
 V - 3 potions of resistance


   Skills:
 + Level 16.8 Fighting
 - Level 1.4 Short Blades
 * Level 22.2 Polearms
 - Level 2.1 Ranged Weapons
 + Level 15.4 Armour
 + Level 15.2 Dodging
 - Level 8.0 Spellcasting
 + Level 21.3 Summonings
 - Level 3.0 Translocations
 - Level 7.0 Air Magic
 - Level 4.0 Earth Magic
 - Level 5.0 Evocations


You had 5 spell levels left.
You knew the following spells:

 Your Spells              Type           Power      Damage    Failure   Level
b - Summon Ice Beast      Ice/Summ       50%        N/A       1%          4
d - Summon Guardian Gole  Hex/Summ       50%        N/A       1%          3
g - Summon Hydra          Summ           38%        N/A       1%          7
p - Call Imp              Summ           76%        N/A       0%          2
t - Summon Lightning Spi  Summ/Air       59%        N/A       1%          4
v - Blink                 Tloc           40%        N/A       6%          2
z - Summon Small Mammal   Summ           100%       N/A       0%          1
W - Swiftness             Air            36%        N/A       2%          3
X - Animate Armour        Summ/Erth      100%       N/A       1%          4
Y - Magic Dart            Conj           32%        1d4       14%         1

Your spell library contained the following spells:

 Spells                   Type           Power      Damage    Failure   Level
 Shock                    Conj/Air       88%        1d8       3%          1
 Poisonous Vapours        Pois/Air       44%        N/A       4%          2
 Static Discharge         Conj/Air       44%        2-4/arc   4%          2
 Lesser Beckoning         Tloc           40%        N/A       6%          2
 Airstrike                Air            18%        2d(3-19)  8%          4
 Cigotuvi's Dreadful Rot  Necr/Pois/Air  34%        N/A       9%          2
 Passwall                 Tmut/Erth      13%        N/A       9%          2
 Momentum Strike          Conj/Tloc      28%        3d8       11%         2
 Sting                    Tmut/Pois      32%        1d4       14%         1
 Mephitic Cloud           Conj/Pois/Air  17%        N/A       16%         3
 Stone Arrow              Conj/Erth      32%        3d9       19%         3
 Ensorcelled Hibernation  Hex/Ice        16%        N/A       21%         2
 Sublimation of Blood     Necr           8%         N/A       21%         2
 Wereblood                Tmut           8%         N/A       21%         2
 Dazzling Flash           Conj/Hex       16%        N/A       38%         3
 Frozen Ramparts          Ice            16%        1d3       38%         3
 Inner Flame              Hex/Fire       8%         N/A       38%         3
 Arcjolt                  Conj/Air       11%        1d21      65%         5
 Lightning Bolt           Conj/Air       11%        1d24      65%         5
 Silence                  Hex/Air        11%        N/A       65%         5
 Flame Wave               Conj/Fire      8%         2d5       80%         4
 Ice Form                 Ice/Tmut       8%         N/A       80%         4
 Olgreb's Toxic Radiance  Pois           8%         N/A       80%         4
 Sticky Flame             Conj/Fire      8%         2d3       80%         4
 Agony                    Necr           8%         N/A       98%         5
 Blade Hands              Tmut           4%         N/A       98%         5
 Fireball                 Conj/Fire      4%         3d4       98%         5
 Iskenderun's Battlesphe  Conj           8%         2d6       98%         5
 Spellforged Servitor     Conj/Summ      25%        N/A       82%         7
 Conjure Ball Lightning   Conj/Air       11%        3x3d6     99%         6
 Iron Shot                Conj/Erth      8%         9d3       100%        6
 Orb of Destruction       Conj           4%         9d5       100%        7
 Lehudib's Crystal Spear  Conj/Erth      8%         10d3      100%        8


Dungeon Overview and Level Annotations

Branches:
Dungeon (15/15)            Temple (0/1) D:5            Lair (5/5) D:8
 Shoals (0/4) Lair:3        Snake (4/4) Lair:2        Slime (0/5) Lair:5
    Orc (2/2) D:9             Elf (0/3) Orc:2        Vaults (4/5) D:14
  Crypt (0/3) Vaults:3     Depths (2/4) D:15          IceCv (visited)
Volcano (visited)         Gauntlet (visited)

Altars:
Cheibriados
Elyvilon
Gozag
Hepliaklqana
Makhleb
Nemelex Xobeh
Okawaru
Qazlal
Ru
Trog
Uskayaw
Vehumet
Zin
The Shining One
Jiyva

Shops:
D:4 *   D:6 (*   D:9 *   D:10 *   D:15 =   Orc:1 =   Orc:2 =*[(   Snake:1 !**
Snake:2 *   Vaults:2 [(:

Portals:
Hell: Depths:1
Abyss: Lair:1 Depths:1
Trove: Vaults:3 (give +6 demon blade)

Annotations:
Snake:1 6 transporters
Depths:2 exclusion: player illusion, Mara


Innate Abilities, Weirdness & Mutations

You have a beak for a mouth.
You have claws for feet.
Your magical nature lets you fly swiftly and evasively.


Message History

You hit Mara but do no damage. Your kick misses Mara.
Mara is severely wounded.
Mara says, "Entranced by some poetic flight, are you?"
Mara hits you with a +2 demon trident of pain.
* * * LOW HITPOINT WARNING * * *
You writhe in agony!
* * * LOW HITPOINT WARNING * * *
You slice Mara!! You burn Mara. You claw Mara.
Mara is almost dead.
Mara blinks!
Reach: H) +9 bardiche (flame)
Press: ? - help, Dir - move target, f - Mara
Aim: Mara, wielding a +2 demon trident of pain, wearing a +0 robe and wearing an amulet of magic regeneration (almost dead, about 32% to evade your +9 bardiche of flaming)
You reach to attack!
You miss Mara.
Mara is almost dead.
Reach: H) +9 bardiche (flame)
Press: ? - help, Dir - move target, f/p - Mara
Aim: Mara, wielding a +2 demon trident of pain, wearing a +0 robe and wearing an amulet of magic regeneration (almost dead, about 32% to evade your +9 bardiche of flaming)
You reach to attack!
You slash Mara!
Mara is almost dead.
Mara gestures at you. The bolt of fire hits you!!
* * * LOW HITPOINT WARNING * * *
Casting: Summon Hydra (dangerous; 1% risk of failure)
Confirm with . or Enter, or press ? or * to list all spells.
An eight-headed hydra appears.
* * * LOW MAGIC WARNING * * *
Mara says, "Thou art lean, ill-favoured, death is in thy neighbourhood!"
Mara hits you from afar with a +2 demon trident of pain!!
* * * LOW HITPOINT WARNING * * *
You writhe in agony.
* * * LOW HITPOINT WARNING * * *
Mara completely misses you. Mara misses you.
You barely miss Mara. Your kick misses Mara.
Mara is almost dead.
Mara gestures at you. The bolt of fire misses you.
Mara hits you from afar with a +2 demon trident of pain!
You die...

▒..░.░............)........§.....
".░░[░.b......)░░░.......░░░.....
....)░........░.░.░.....░.░ ....
░░░░░░...R.[.░..░..░...░..░ ...
░░░░░..░...░...░.░...░ V.
░....░░░░░░░░░░░░░░░ .
░░░░░░░░.†..§.░░..........
≈≈D.R..░......░...........
≈~≈....░......R.Q.........
~r@.<..░.......RD.........
≈~Rbr..░..................
░░░░░░░░..........░.......
...........░░...... ............
...... ..........░░ ......
...░..... ......


You could see 2 Maras and a friendly eight-headed hydra (summoned).

Vanquished Creatures
  Bai Suzhen (Snake:3)
  A tentacled monstrosity (Depths:2)
  A lich (Depths:2)
  A quicksilver dragon (Depths:2)
  An ancient champion (Depths:1)
  A tengu reaver (Vaults:3)
  5 sphinxes
  3 nagarajas (Snake:4)
  A fire giant (Depths:1)
  A frost giant (D:15)
  Aizul (Snake:1)
  2 vault wardens
  6 ironbound preservers
  An orc warlord (Vaults:3)
  A war gargoyle (Vaults:2)
  6 very ugly things
  A reaper (IceCv)
  3 ironbound thunderhulks
  4 stone giants
  2 vampire knights (Depths:2)
  2 spark wasps (Depths:2)
  A dire elephant (Vaults:4)
  5 ettins
  2 fire dragons
  A crystal guardian (Vaults:3)
  2 great orbs of eyes
  A rakshasa (D:13)
  10 yaktaur captains
  An ice dragon (D:15)
  Erolcha (D:12)
  A catoblepas (Lair:4)
  2 vault guards
  10 ironbound frosthearts
  3 boulder beetles
  2 hydras (Lair:5)
  An ogre mage (Vaults:3)
  18 centaur warriors
  A spriggan air mage (Depths:2)
  5 anacondas
  8 two-headed ogres
  4 death yaks
  5 deep troll shamans
  5 naga warriors
  A hell hog (Depths:1)
  4 tengu warriors
  2 vampire magi
  A thrashing horror (Lair:1)
  5 shock serpents
  6 deep troll earth magi
  3 orc high priests (Orc:2)
  5 naga sharpshooters
  A skeletal warrior (Depths:1)
  2 iron trolls
  A salamander mystic (Snake:4)
  9 sea snakes
  2 wizards
  7 naga ritualists
  5 ironbound convokers
  A lindwurm (shapeshifter) (Vaults:2)
  2 deep elf archers (Depths:2)
  A phantasmal warrior (Lair:5)
  Pikel (D:9)
  A wolf spider zombie (D:9)
  2 necromancers
  7 orc knights
  35 deep trolls
  9 lindwurms
  5 mana vipers
  A deep elf pyromancer (D:14)
  19 ugly things
  2 orc sorcerers
  A shining eye (shapeshifter) (Depths:2)
  A stone giant zombie (Vaults:4)
  A moth of wrath (shapeshifter) (Vaults:4)
  7 cyclopes
  7 salamanders
  2 manticores
  A merfolk siren (Lair:3)
  4 elephants (Lair:5)
  36 black mambas
  A moth of wrath (Gauntlet)
  3 centaur zombies (D:9)
  5 vault sentinels
  7 guardian serpents
  2 ice statues (IceCv)
  18 naga magi
  3 gargoyles
  4 rime drakes
  A kobold demonologist (D:13)
  6 komodo dragons
  2 tengu conjurers (D:13)
  19 yaktaurs
  4 cane toads
  A freezing wraith (Vaults:3)
  5 ice devils (IceCv)
  2 hellwings (D:9)
  4 trolls
  A tengu simulacrum (Vaults:4)
  5 polar bears
  A hornet (D:7)
  17 blink frogs
  A dream sheep (Lair:5)
  A spriggan (Lair:1)
  20 slime creatures
  3 wyverns
  7 wraiths
  3 hogs (D:12)
  29 yaks
  An ettin skeleton (Vaults:4)
  A yak (shapeshifter) (D:13)
  2 basilisks
  A death yak simulacrum (IceCv)
  8 redbacks
  7 vampire mosquitoes
  Menkaure (D:7)
  5 steam dragons
  A warg (Orc:2)
  A harpy simulacrum (IceCv)
  2 acid dragons (D:12)
  30 nagas
  Duvessa (D:6)
  A hell hound (Volcano)
  5 nameless horrors
  14 water moccasins
  39 orc warriors
  A sky beast (D:7)
  A hornet zombie (D:9)
  9 ogres
  2 ice beasts
  A black bear (shapeshifter) (D:14)
  7 boggarts
  9 wolves
  11 centaurs
  Blork the orc (D:5)
  4 gnoll sergeants
  2 kobold brigands (D:9)
  11 bullfrogs
  A scorpion (D:5)
  2 necrophages (D:6)
  A two-headed ogre simulacrum (IceCv)
  4 cane toad simulacra (IceCv)
  9 wights
  Dowan (D:6)
  34 killer bees
  4 howler monkeys
  4 electric eels
  A lava snake (Lair:4)
  2 jellies
  6 hounds
  11 orc priests
  3 gnoll boudas (D:6)
  Jessica (D:2)
  3 iguanas
  24 orc wizards
  5 hell rats
  3 troll simulacra (IceCv)
  47 gnolls
  4 adders
  A naga simulacrum (IceCv)
  3 shadow imps (D:9)
  A white imp (IceCv)
  6 ufetubi
  99 orcs
  8 ball pythons
  5 bats
  5 endoplasms
  3 giant cockroaches
  3 goblins
  4 hobgoblins
  4 jackals (D:6)
  A quokka (D:1)
  4 frilled lizards
  7 kobolds
  A rat (D:2)
1013 creatures vanquished.

Vanquished Creatures (collateral kills)
  Jorgrun (D:15)
  A walking divine tome (Depths:2)
  A deep elf master archer (Depths:2)
  An ancient champion (Vaults:3)
  2 sphinxes
  A tengu reaver (Depths:1)
  Gastronok (Lair:1)
  Kirke (D:12)
  6 nagarajas
  4 fire giants
  6 vault wardens
  An orc warlord (Orc:1)
  9 ironbound preservers
  4 very ugly things
  2 war gargoyles
  5 ironbound thunderhulks
  3 stone giants
  A vampire knight (Depths:1)
  4 dire elephants (Vaults:3)
  2 spark wasps (Depths:2)
  A minotaur (Gauntlet)
  An ettin (Depths:1)
  A blizzard demon (Depths:1)
  5 crystal guardians
  Snorg (D:13)
  Josephine (D:9)
  A yaktaur captain (Vaults:2)
  The ghost of jazmu the Coward, a journeyman DsHu of Okawaru (D:13)
  2 great orbs of eyes
  4 fire dragons
  Fannar (Orc:1)
  A spriggan air mage (Depths:2)
  A hell beast (Depths:1)
  Harold (Orc:2)
  An ice dragon (Depths:1)
  4 vault guards
  4 hydras
  16 centaur warriors
  The ghost of Iprifol the Summoner, a journeyman OpSu of Gozag (Lair:1)
  6 anacondas
  2 catoblepae
  5 peacekeepers
  2 ironbound frosthearts (Vaults:1)
  3 boulder beetles
  10 death yaks
  A tengu warrior (Depths:2)
  8 naga warriors
  2 deep troll shamans
  2 orc high priests (Orc:2)
  2 naga sharpshooters
  A spriggan berserker (Depths:2)
  4 shock serpents
  2 salamander mystics
  5 iron trolls
  2 skeletal warriors (Depths:1)
  5 sea snakes (Snake:4)
  19 deep trolls
  5 naga ritualists
  8 ironbound convokers
  2 wizards
  A deep elf archer (Depths:2)
  2 lindwurms (Vaults:1)
  A necromancer (Vaults:4)
  3 ugly things
  5 mana vipers
  3 orc sorcerers (Orc:2)
  A worldbinder (Lair:1)
  3 salamanders
  5 elephants
  11 guardian serpents
  2 manticores
  12 black mambas
  4 smoke demons (Volcano)
  A centaur zombie (D:9)
  3 slime creatures
  Maurice (D:9)
  9 vault sentinels
  12 naga magi
  4 cane toads
  2 komodo dragons
  A tengu conjurer (Depths:2)
  12 yaktaurs
  A queen bee (Lair:3)
  A polar bear (Lair:5)
  2 blink frogs (Lair:4)
  2 hornets (Gauntlet)
  A shadow (D:11)
  2 wraiths
  7 yaks
  2 wyverns (Lair:3)
  3 basilisks (Lair:3)
  2 vampire mosquitoes (D:10)
  A human (Lair:5)
  Edmund (D:4)
  2 steam dragons (Volcano)
  8 nagas
  3 water moccasins
  A hydra simulacrum (IceCv)
  2 hell hounds (Volcano)
  7 orc warriors
  An ice beast (D:8)
  An ogre (D:5)
  3 boggarts
  4 wolves (Gauntlet)
  4 nameless horrors
  A bullfrog (Lair:4)
  13 killer bees
  An orc priest (Orc:1)
  8 hell rats
  2 orc wizards
  A troll simulacrum (IceCv)
  A polar bear simulacrum (IceCv)
  A wolf simulacrum (IceCv)
  A mummy (D:8)
  An adder (D:2)
  A river rat (Lair:3)
  6 orcs
  A ball python (D:2)
  A fire vortex (Depths:1)
398 creatures vanquished.

Vanquished Creatures (others)
  An orc warlord (Orc:2)
  A very ugly thing (Depths:1)
  2 hydras (Lair:3)
  2 ugly things (Lair:1)
  A wraith (Orc:1)
  A chaos spawn (Lair:1)
  2 water moccasins (Lair:3)
  2 orc wizards (Orc:1)
  3 orcs
  A bush (Lair:3)
  40 fungi
  71 plants
  11 withered plants (D:9)
138 creatures vanquished.

Grand Total: 1549 creatures vanquished

Notes
Turn   | Place    | Note
-------+----------+-------------------------------------------
     0 | D:1      | utis the Tengu Wanderer began the quest for the Orb.
     0 | D:1      | utis set off with the following items: a +0 sling, a +0
                  | cloak, a scroll of fear, a +0 robe; and the following spell
                  | memorised: Summon Small Mammal; and the following spells
                  | available to memorise: Call Imp, Summon Lightning Spire.
     0 | D:1      | Reached XP level 1. HP: 12/12 MP: 3/3
   208 | D:1      | Reached skill level 5 in Summonings
   257 | D:1      | Reached XP level 2. HP: 16/16 MP: 4/4
   647 | D:2      | Learned a level 2 spell: Call Imp
   763 | D:2      | Reached XP level 3. HP: 14/21 MP: 2/5
   941 | D:2      | Noticed Jessica
   944 | D:2      | Killed Jessica
   945 | D:2      | Reached XP level 4. HP: 26/26 MP: 6/6
  1036 | D:2      | Reached skill level 1 in Short Blades
  1130 | D:2      | Gained mutation: Your magical nature lets you fly swiftly
                  | and evasively. [Tengu growth]
  1130 | D:2      | Reached XP level 5. HP: 31/31 MP: 7/7
  1801 | D:3      | Found a glowing golden altar of the Shining One.
  2065 | D:3      | Found a sacrificial altar of Ru.
  2394 | D:4      | Found Zohasuis's Assorted Antiques.
  2505 | D:4      | Bought a scroll of identify for 52 gold pieces
  2532 | D:4      | Reached XP level 6. HP: 36/38 MP: 5/10
  2705 | D:4      | Noticed Edmund
  2742 | D:4      | Killed Edmund
  2743 | D:4      | Reached skill level 5 in Fighting
  2821 | D:4      | Learned a level 4 spell: Summon Lightning Spire
  2861 | D:4      | Reached XP level 7. HP: 44/44 MP: 11/11
  3138 | D:5      | Entered Level 5 of the Dungeon
  3153 | D:5      | Reached skill level 1 in Air Magic
  3399 | D:5      | Found a staircase to the Ecumenical Temple.
  3821 | D:5      | Reached XP level 8. HP: 24/51 MP: 5/12
  3832 | D:5      | Reached skill level 5 in Dodging
  4019 | D:5      | Noticed Blork the orc
  4036 | D:5      | Killed Blork the orc
  4341 | D:5      | Reached skill level 5 in Air Magic
  4458 | D:5      | Reached skill level 1 in Polearms
  4629 | D:6      | Noticed a yak
  4629 | D:6      | Noticed a yak
  4629 | D:6      | Noticed a yak
  4629 | D:6      | Noticed a yak
  4629 | D:6      | Noticed a yak
  4629 | D:6      | Noticed a yak
  4646 | D:5      | Killed a yak
  4647 | D:5      | Reached skill level 2 in Polearms
  4804 | D:6      | Found a faded altar of an unknown god.
  4804 | D:6      | Found a burning altar of Makhleb.
  4812 | D:6      | Found a stormy altar of Qazlal.
  4814 | D:6      | Found a faded altar of an unknown god.
  4816 | D:6      | Found an opulent altar of Gozag.
  4966 | D:6      | Reached skill level 3 in Polearms
  5109 | D:6      | Reached XP level 9. HP: 56/56 MP: 13/13
  5295 | D:6      | Reached skill level 4 in Polearms
  5347 | D:6      | Noticed Dowan
  5708 | D:6      | Noticed Duvessa
  5731 | D:6      | Killed Duvessa
  5740 | D:6      | Killed Dowan
  6240 | D:4      | Bought a glowing ring mail for 182 gold pieces
  6446 | D:6      | Reached skill level 5 in Polearms
  6582 | D:6      | Reached skill level 6 in Polearms
  6846 | D:6      | Learned a level 2 spell: Blink
  6869 | D:6      | Found Banleh's Weapon Shoppe.
  6929 | D:6      | Found a radiant altar of Vehumet.
  7023 | D:6      | Found Rinia's Assorted Antiques.
  7030 | D:6      | Bought a scroll of identify for 40 gold pieces
  7181 | D:7      | Reached XP level 10. HP: 61/64 MP: 14/14
  7308 | D:7      | Reached skill level 7 in Polearms
  7451 | D:6      | Bought a scroll of identify for 40 gold pieces
  7815 | D:7      | Noticed Menkaure
  7845 | D:7      | Killed Menkaure
  7996 | D:7      | Found a bloodstained altar of Trog.
  8344 | D:8      | Reached skill level 1 in Evocations
  8496 | D:6      | Bought a scroll of identify for 40 gold pieces
  9061 | D:8      | Found a snail-covered altar of Cheibriados.
  9172 | D:8      | Learned a level 3 spell: Mephitic Cloud
  9174 | D:8      | Learned a level 1 spell: Magic Dart
  9756 | D:8      | Reached skill level 1 in Armour
  9933 | D:8      | Found a staircase to the Lair.
 10038 | D:8      | Found a hazy altar of Hepliaklqana.
 10315 | D:9      | Found Qiapn's General Store.
 10466 | D:9      | Noticed Pikel
 10494 | D:9      | Killed Pikel
 10721 | D:9      | Reached XP level 11. HP: 45/69 MP: 12/18
 10725 | D:9      | Learned a level 3 spell: Summon Guardian Golem
 10864 | D:9      | Reached skill level 8 in Polearms
 11560 | D:9      | Found a staircase to the Orcish Mines.
 11707 | D:9      | Reached skill level 9 in Polearms
 11779 | D:9      | Noticed Maurice
 11808 | D:9      | Killed Maurice
 11809 | D:9      | Reached skill level 10 in Summonings
 11833 | D:9      | Found a white marble altar of Elyvilon.
 12072 | D:10     | Entered Level 10 of the Dungeon
 12072 | D:10     | Noticed a two-headed ogre
 12083 | D:9      | Killed a two-headed ogre
 12453 | D:10     | Found Zin's Purification Station.
 12458 | D:10     | Found a glowing silver altar of Zin.
 12973 | D:10     | Found an iron altar of Okawaru.
 13033 | D:10     | Reached XP level 12. HP: 74/77 MP: 15/19
 13041 | D:10     | Reached skill level 10 in Polearms
 13299 | Lair:1   | Entered Level 1 of the Lair of Beasts
 13574 | Lair:1   | Found a one-way gate to the infinite horrors of the Abyss.
 13574 | Lair:1   | Noticed Iprifol's ghost (journeyman OpSu)
 13681 | Lair:1   | Noticed Gastronok
 13698 | Lair:1   | Killed Gastronok
 13699 | Lair:1   | Reached skill level 10 in Fighting
 13699 | Lair:1   | Reached skill level 5 in Armour
 14167 | Lair:1   | Noticed a thrashing horror
 14174 | Lair:1   | Found a transporter.
 14181 | Lair:1   | Found a transporter.
 14543 | Lair:2   | Found a staircase to the Snake Pit.
 14963 | Lair:2   | Reached skill level 11 in Polearms
 15759 | Lair:3   | Noticed a four-headed hydra
 15773 | Lair:3   | Killed a four-headed hydra
 16681 | Lair:3   | Reached XP level 13. HP: 70/83 MP: 20/20
 16932 | Lair:3   | Reached skill level 12 in Polearms
 17483 | Lair:3   | Identified the +4 mace of Exquisite Death {pain, rF+ Str+5}
 17493 | Lair:3   | Identified the +1 pair of boots "Agialuew" {rPois}
 18140 | Lair:3   | Found a staircase to the Shoals.
 18192 | Lair:4   | Found a dark tunnel.
 18202 | Volcano  | Entered a volcano
 18798 | Volcano  | Noticed a fire dragon
 18814 | Volcano  | Killed a fire dragon
 19113 | Lair:4   | Reached skill level 13 in Polearms
 19195 | Lair:4   | Learned a level 4 spell: Animate Armour
 19297 | Lair:4   | Reached skill level 1 in Earth Magic
 20407 | Lair:5   | Entered Level 5 of the Lair of Beasts
 20596 | Lair:5   | Reached XP level 14. HP: 79/90 MP: 21/21
 21029 | Lair:5   | Reached skill level 5 in Spellcasting
 21555 | Lair:5   | Learned a level 7 spell: Summon Hydra
 21715 | Lair:5   | Reached skill level 15 in Summonings
 22261 | Lair:5   | Found a viscous altar of Jiyva.
 22261 | Lair:5   | Found a staircase to the Slime Pits.
 22452 | Lair:5   | Found a runed translucent door.
 23237 | Lair:5   | Identified the +4 longbow of the Apocalypse {flame, rN+
                  | Will+ Int+3 Dex+3}
 23474 | Orc:1    | Entered Level 1 of the Orcish Mines
 23474 | Orc:1    | Found Irits's Jewellery Emporium.
 23494 | Orc:1    | Noticed Josephine
 23666 | D:9      | Killed Josephine
 24127 | Orc:1    | Noticed an orc warlord
 24138 | Orc:1    | Killed an orc warlord
 24266 | Orc:2    | Entered Level 2 of the Orcish Mines
 25152 | Orc:2    | Found a staircase to the Elven Halls.
 25754 | Orc:2    | Noticed an orc warlord
 25783 | Orc:2    | Killed an orc warlord
 26180 | Orc:2    | Reached XP level 15. HP: 83/94 MP: 25/25
 26244 | Orc:1    | Noticed Harold
 26609 | Orc:2    | Killed Harold
 26696 | Orc:1    | Noticed Fannar
 27745 | Orc:2    | Paralysed by an orc sorcerer for 3 turns
 28044 | Orc:2    | Found Orunnid's General Store.
 28045 | Orc:2    | Found Nuisul's Jewellery Shoppe.
 28047 | Orc:2    | Found Raova Iwin's Antique Armour Emporium.
 28047 | Orc:2    | Found Bocavob's Antique Weapon Emporium.
 28087 | Orc:2    | Bought a shiny scale mail for 245 gold pieces
 28377 | Orc:1    | Killed Fannar
 28680 | D:11     | Reached skill level 14 in Polearms
 28869 | D:11     | Found a gate leading to a gauntlet.
 28878 | Gauntlet | Entered a Gauntlet
 28878 | Gauntlet | Found a transporter.
 28913 | Gauntlet | Found a transporter.
 28915 | Gauntlet | Found a transporter.
 28922 | Gauntlet | Found a transporter.
 28937 | Gauntlet | Found a transporter.
 28942 | Gauntlet | Found a transporter.
 28964 | Gauntlet | Found a transporter.
 28978 | Gauntlet | Found a transporter.
 28990 | Gauntlet | Found a transporter.
 28995 | Gauntlet | Found a transporter.
 29018 | Gauntlet | Found a transporter.
 29026 | Gauntlet | Found a transporter.
 29035 | Gauntlet | Found a transporter.
 29040 | Gauntlet | Found a transporter.
 29055 | Gauntlet | Found a transporter.
 29060 | Gauntlet | Found a transporter.
 29099 | Gauntlet | Found a transporter.
 29126 | Gauntlet | Found a transporter.
 29646 | Gauntlet | Identified the ring "Arhettom" {Fly Int+3}
 29872 | Gauntlet | Identified the +2 short sword "Deobby" {vamp, rF+++ rN+
                  | Dex+3}
 31855 | D:12     | Noticed Erolcha
 33187 | D:12     | Killed Erolcha
 33259 | D:12     | Noticed Kirke
 33337 | D:12     | Killed Kirke
 33824 | Orc:2    | Bought the +3 crown of Dyrovepreva {rElec Int+2 SInv} for
                  | 1449 gold pieces
 33824 | Orc:2    | Found the +3 crown of Dyrovepreva {rElec Int+2 SInv}
 34043 | D:13     | Found a frozen archway.
 34062 | IceCv    | Entered an ice cave
 35886 | D:13     | Found a large runed translucent door.
 35886 | D:13     | Found a large runed translucent door.
 35887 | D:13     | Noticed jazmu's ghost (journeyman DsHu)
 36027 | D:13     | Reached XP level 16. HP: 98/103 MP: 26/26
 36459 | D:13     | Noticed Snorg
 36480 | D:13     | Killed Snorg
 36481 | D:13     | Reached skill level 15 in Polearms
 36866 | D:13     | Killed jazmu's ghost
 37295 | Orc:2    | Bought a scroll of brand weapon for 152 gold pieces
 37993 | D:14     | Got the Papyrus of the Tired Priests
 38903 | D:14     | Found a gate to the Vaults.
 39000 | D:15     | Entered Level 15 of the Dungeon
 39572 | D:15     | Found a staircase to the Depths.
 40000 | D:15     | Found a sparkling altar of Nemelex Xobeh.
 40054 | D:15     | Found Juum's Jewellery Shoppe.
 40159 | D:15     | Noticed Jorgrun
 40179 | D:15     | Killed Jorgrun
 40960 | Snake:1  | Entered Level 1 of the Snake Pit
 41057 | Snake:1  | Reached skill level 10 in Armour
 41760 | Snake:1  | Found a transporter.
 41762 | Snake:1  | Found a transporter.
 41997 | Snake:1  | Found a transporter.
 42005 | Snake:1  | Found a transporter.
 42006 | Snake:1  | Found a transporter.
 42007 | Snake:1  | Found a transporter.
 42038 | Snake:1  | Noticed Aizul
 42057 | Snake:1  | Killed Aizul
 42262 | Snake:1  | Found Baogemn's General Store.
 42264 | Snake:1  | Found Tusuer's Assorted Antiques.
 42266 | Snake:1  | Found Muto's Distillery.
 42604 | Snake:2  | Reached skill level 10 in Dodging
 43230 | Snake:2  | Found Kiedghae's Assorted Antiques.
 43435 | Snake:2  | Reached skill level 16 in Polearms
 43839 | Snake:2  | Noticed a nagaraja
 44027 | Snake:2  | Reached XP level 17. HP: 103/109 MP: 26/29
 44877 | Snake:2  | Reached skill level 5 in Evocations
 45653 | Snake:3  | Noticed Bai Suzhen
 45671 | Snake:3  | Killed Bai Suzhen
 46801 | Snake:3  | Reached skill level 17 in Polearms
 48004 | Snake:4  | Entered Level 4 of the Snake Pit
 48320 | Snake:4  | Found an opulent altar of Gozag.
 48861 | Snake:4  | Reached XP level 18. HP: 28/116 MP: 5/31
 50364 | Snake:4  | HP: 5/116 [constriction (1)]
 50690 | Snake:4  | Reached skill level 18 in Polearms
 50855 | Snake:4  | Got a serpentine rune of Zot
 52018 | Vaults:1 | Entered Level 1 of the Vaults
 52680 | Vaults:1 | Learned a level 3 spell: Swiftness
 54636 | Vaults:1 | Reached XP level 19. HP: 108/123 MP: 32/32
 55039 | Vaults:1 | Reached skill level 19 in Polearms
 55546 | Vaults:1 | Reached skill level 15 in Fighting
 56535 | Vaults:2 | Reached skill level 1 in Translocations
 58460 | Vaults:2 | Found Tarhifeesm's Antique Weapon Boutique.
 58617 | Vaults:2 | Found the +7 great mace "Undeadhunter" {deathbane, rN+}
 58825 | Vaults:2 | Identified the ring of Olia {Fly Will+ rCorr Dex+3 Slay-2}
 58928 | Vaults:2 | Found Zuonk's Book Shop.
 59379 | Vaults:2 | Found Rykhleyhe's Armour Emporium.
 59384 | Vaults:2 | Bought the +4 ring mail of Hubrol {Slay+2 Stlth+} for 675
                  | gold pieces
 59552 | Vaults:3 | Learned a level 4 spell: Summon Ice Beast
 60499 | Vaults:3 | Found a portal to a secret trove of treasure.
 60538 | Vaults:3 | Found a staircase to the Crypt.
 61635 | Vaults:3 | Reached XP level 20. HP: 130/130 MP: 22/33
 61833 | Vaults:3 | Reached skill level 20 in Polearms
 67116 | Vaults:4 | Reached skill level 21 in Polearms
 67780 | Lair:1   | Killed Iprifol's ghost
 68121 | Depths:1 | Entered Level 1 of the Depths
 68578 | Depths:1 | Reached XP level 21. HP: 105/136 MP: 34/34
 69495 | Depths:1 | Found a sacrificial altar of Ru.
 69511 | Depths:1 | Identified the +2 robe of Youthful Indiscretion {rN+ Str+3
                  | Stlth+}
 69863 | Depths:1 | Identified the +4 pair of gloves "Nypp" {rC++ rCorr Dex-3
                  | SInv}
 70496 | Depths:1 | Found a gateway to Hell.
 70962 | Depths:1 | Found a hide-covered altar of Uskayaw.
 71348 | Depths:2 | Noticed Mara
 71354 | Depths:2 | Reached skill level 15 in Armour
 71358 | Depths:2 | Noticed utis's illusion
 72531 | Depths:2 | Reached skill level 15 in Dodging
 72602 | Depths:2 | Reached skill level 22 in Polearms
 72858 | Depths:2 | Noticed utis's illusion
 73110 | Depths:2 | Noticed utis's illusion
 73297 | Depths:2 | Noticed utis's illusion
 74008 | Depths:2 | Got Emaviok's Codex of the Sky
 74358 | Depths:2 | Noticed utis's illusion
 74372 | Depths:2 | HP: 5/138 [Mara/+2 demon trident of pain (23)]
 74375 | Depths:2 | Mangled by Mara (illusionary)

Illustrated notes

Levels and vault maps discovered:
D:1:      dpeg_arrival_rooms_c, layout_rooms
D:2:      kennysheep_big_flooded_room, layout_basic, uniq_jessica
D:3:      layout_loops_ring, mainiacjoe_overflow_small_starburst,
          overflow_temple_1_default, grunt_decor_mini_mirrors
D:4:      layout_cave_pools, serial_shops, nicolae_shop_trees, st_stairs_5,
          uniq_edmund
D:5:      layout_basic, minmay_temple_entry_overgrown, uniq_blork_the_orc
D:6:      layout_cave_pools, nicolae_vehumet_radiance,
          chequers_temple_overflow_minitemple, serial_gnoll_camp,
          gnoll_camp_mini_loothouse, gnoll_camp_huts_basic,
          gnoll_camp_mini_shop, gnoll_camp_mini_shop, gnoll_camp_mini_house,
          gnoll_camp_mini_house, uniq_duvessa
D:7:      layout_loops_cross, mainiacjoe_overflow_24_doors, uniq_menkaure
D:8:      layout_cave_pools, slow_altar_1, worldfamousw_hep_ancestral_shrine,
          david_lair_shrubbed
D:9:      cheibrodos_grave_circle, layout_loops_corners,
          mainiacjoe_overflow_alcove_2, orc_0_dummy, serial_shops, shop,
          kennysheep_generic_room_9, uniq_pikel, uniq_maurice
D:10:     layout_irregular_city, zin_purify, lemuel_doored_altar,
          chequers_serial_rivers_micro_b, ebering_dispersal_statue_hall,
          minmay_misc_feat_square
D:11:     layout_layer_cave, gauntlet_entry_generic
D:12:     layout_layer_cave, drop_trap, uniq_kirke, uniq_erolcha
D:13:     layout_irregular_city, ebering_ghost_disaster_area,
          portal_ice_cave_rime, uniq_snorg
D:14:     layout_irregular_city, david_vaults_5, grunt_decor_fettered
D:15:     grunt_enter_depths_hoard, layout_loops_corners, serial_shops,
          nicolae_shop_behind_doors, nemelex_spade_bored_becter, uniq_jorgrun
Lair:1:   layout_hall_layers, gammafunk_ghost_abyssal_escape,
          dreamdust_mushroom_princess, grunt_megastairs_4,
          infiniplex_staircase_pool_2, uniq_gastronok
Lair:2:   layout_gridlike, minmay_snake_entry_spellcaster, lemuel_fruit_tree
Lair:3:   regret_index_wax_grids, layout_long_grid,
          minmay_shoals_entry_lonely_mermaid, minivault_24
Lair:4:   layout_gridlike, enter_volcano_1, lemuel_fruit_fields,
          serial_bayou_shore_b
Lair:5:   grunt_lair_end_beastmaster, layout_misc_corridors,
          dpeg_slime_entry_enclosed, pdpol_lair_cabin_in_the_woods
Snake:1:  layout_onion_interference, serial_nicolae_subway,
          nicolae_sub_station_stone, nicolae_sub_station_crystal,
          nicolae_sub_station_metal, grunt_megastairs_1, minmay_shop_star,
          uniq_aizul
Snake:2:  nicolae_cobra_stairs, layout_honeycomb, nicolae_stop_n_shop_1
Snake:3:  layout_basic, uniq_bai_suzhen
Snake:4:  grunt_snake_rune_pools, layout_basic, basic_altar
Orc:1:    layout_caves, serial_shops, shop_coins, minmay_orc_barracks,
          uniq_harold, uniq_fannar, uniq_josephine
Orc:2:    st_orc_congregation, layout_diamond_mine, rock_pile
Vaults:1: nicolae_vaults_circle_grid_b, v_misc_10, hangedman_vaults_corner,
          nicolae_vaults_inception_scallops, v_alt_pattern_6,
          vaults_room_guarded_vault, nicolae_vaults_network_star, v_misc_23,
          grunt_vaults_swirl, nicolae_vaults_big_ls, vaults_dpeg_cross,
          vaults_dpeg_emergency_exit, nicolae_vaults_rhombus_6, v_misc_8,
          vaults_room_hallway, vaults_dpeg_diagonal, vaults_room_door_ring,
          layout_vaults_ring
Vaults:2: v_misc_25, hangedman_vaults_nodes, nicolae_vaults_angled_halls,
          ontoclasm_vaults_spin, vaults_room_fours, ontoclasm_vaults_twist,
          vaults_room_hallway, nicolae_vaults_bisected_slash, v_pattern_2,
          grunt_vaults_hallway_long, hangedman_vaults_corner_blocks,
          vaults_dpeg_ring, v_misc_26, vaults_room_stairs_pillars, st_lattice,
          layout_vaults_omnicross, serial_shops, nicolae_shop_hallway_plus,
          shop, nicolae_shop_stone
Vaults:3: hangedman_vaults_capsules, v_misc_5, nicolae_vaults_little_squares_1,
          v_alt_pattern_1, nicolae_vaults_disjoint_gnomons,
          hangedman_vaults_nails, minmay_crypt_entry_simple_sparse,
          vaults_mumra_chevron_long, v_rooms_3, hangedman_vaults_river_flow,
          grunt_vaults_hallway_short, ontoclasm_vaults_fault, st_lines,
          v_misc_25, vaults_room_hallway, nicolae_vaults_shelves_hall,
          layout_vaults_maze_snakey, nicolae_trove_entry_crossroad
Vaults:4: ontoclasm_vaults_loading_screen, v_pattern_3,
          nicolae_vaults_little_ls, v_alt_pattern_2, ontoclasm_vaults_chip,
          ontoclasm_vaults_ligature, vaults_room_ringed_pool,
          nicolae_vaults_alarming, nicolae_vaults_little_squares_2,
          nicolae_vaults_network_quinsquares
          [nicolae_vaults_network_quincunx_subvault,
          nicolae_vaults_network_quincunx_subvault,
          nicolae_vaults_network_quincunx_subvault,
          nicolae_vaults_network_quincunx_subvault], ontoclasm_vaults_gateway,
          layout_vaults_omnigrid
Depths:1: layout_basic, nicolae_uskayaw_en_pointe, abyss_entry,
          grunt_mini_vestibule, nicolae_ru_awakened_eye
Depths:2: dreamdust_merry_men, layout_cave_pools, enter_ziggurat_b,
          infiniplex_staircase_river, hellmouth_1, grunt_pan_entry_spiral,
          hangedman_decor_diamond_cutter, minmay_checkered_concentric_circles,
          uniq_mara

Skill      XL: |  1  2  3  4  5  6  7  8  9 10 11 12 13 14 15 16 17 18 19 20 21 |
---------------+----------------------------------------------------------------+-----
Summonings     | 5 6 7 8 10 12 14 17 18 19 20 21 | 21.3
Fighting       | 2 3 5 6 7 8 9 10 11 12 13 14 15 16 | 16.8
Dodging        | 3 4 5 6 7 8 9 10 11 12 13 14 15 | 15.2
Short Blades   | 1 |  1.4
Spellcasting   | 2 4 6 7 8 |  8.0
Air Magic      | 3 5 7 |  7.0
Polearms       | 3 6 7 9 11 13 14 16 17 18 19 21 22 | 22.2
Evocations     | 3 4 5 |  5.0
Armour         | 1 4 6 7 9 10 11 12 13 14 15 | 15.4
Earth Magic    | 4 |  4.0
Translocations | 3 |  3.0
Ranged Weapons | |  2.1

Action                     |  1- 3 |  4- 6 |  7- 9 | 10-12 | 13-15 | 16-18 | 19-21 || total
---------------------------+-------+-------+-------+-------+-------+-------+-------++-------
  Melee: Short sword       |    16 |    18 |       |       |       |       |       ||    34
         Peck              |     3 |    10 |    63 |   135 |   301 |   162 |   215 ||   889
         Kick              |     3 |    13 |   116 |   197 |   431 |   220 |   349 ||  1329
         Punch             |     1 |       |     5 |     8 |     1 |       |       ||    15
         Spear             |       |    39 |   308 |   442 |   149 |       |       ||   938
         Halberd           |       |       |    14 |     4 |       |       |       ||    18
         Glaive            |       |       |       |   209 |   915 |       |       ||  1124
         Bardiche          |       |       |       |       |   302 |   840 |   932 ||  2074
   Fire: Sling             |    37 |       |       |       |       |       |       ||    37
         Longbow           |     9 |    39 |    33 |       |       |       |       ||    81
  Throw: Stone             |     1 |     1 |       |       |       |       |       ||     2
   Cast: Call Imp          |     1 |     3 |    16 |    23 |    18 |     3 |     7 ||    71
         Summon Small Mamm |       |     8 |    12 |     3 |     6 |       |     2 ||    31
         Summon Lightning  |       |       |       |    44 |    77 |    12 |    27 ||   160
         Magic Dart        |       |       |       |     7 |    43 |    91 |    44 ||   185
         Blink             |       |       |       |     1 |     1 |     2 |     1 ||     5
         Summon Guardian G |       |       |       |     5 |    14 |     2 |     5 ||    26
         Animate Armour    |       |       |       |       |    29 |    50 |    30 ||   109
         Summon Hydra      |       |       |       |       |    19 |   121 |   207 ||   347
         Swiftness         |       |       |       |       |       |     1 |       ||     1
         Summon Ice Beast  |       |       |       |       |       |       |    16 ||    16
    Use: Scroll            |       |     8 |     9 |     7 |    19 |    10 |     7 ||    60
         Potion            |       |       |       |     2 |     1 |     9 |     5 ||    17
   Stab: Sleeping          |     1 |     1 |       |       |       |     4 |     4 ||    10
         Distracted        |       |     1 |       |    11 |    21 |    10 |    32 ||    75
 Armour: Robe              |    13 |     4 |       |       |       |       |       ||    17
         Ring mail         |       |    15 |    73 |   120 |    21 |       |   258 ||   487
         Scale mail        |       |       |       |    95 |   516 |       |       ||   611
         Acid dragon scale |       |       |       |       |    81 |   245 |    58 ||   384
  Dodge: Dodged            |    16 |    42 |   196 |   408 |  1095 |   701 |   786 ||  3244

Table legend: (Time is in decaauts)
 A = Elapsed time spent in this place.
 B = Non-inter-level travel time spent in this place.
 C = Inter-level travel time spent in this place.
 D = Time resting spent in this place.
 E = Time spent auto-exploring this place.
 F = Levels seen in this place.
 G = Mean time per level.
                   A        B        C        D        E       F      G
               +--------+--------+--------+--------+--------+-----+--------+
         Total |  71011 |  66545 |   4466 |  30551 |  21810 |  35 | 2028.9 |
       Dungeon |  23476 |  20972 |   2504 |   6903 |   9748 |  15 | 1565.1 |
          Lair |   9152 |   8700 |    452 |   3174 |   3684 |   5 | 1830.4 |
     Snake Pit |  10344 |  10085 |    259 |   5392 |   2616 |   4 | 2586.0 |
  Orcish Mines |   4916 |   4618 |    298 |   2392 |    933 |   2 | 2458.0 |
        Vaults |  14960 |  14157 |    803 |   7991 |   3451 |   4 | 3740.0 |
        Depths |   5240 |   5092 |    148 |   3363 |    741 |   2 | 2620.0 |
      Ice Cave |   1201 |   1201 |      0 |    606 |    217 |   1 | 1201.0 |
       Volcano |    743 |    743 |      0 |    347 |    145 |   1 |  743.0 |
      Gauntlet |    975 |    975 |      0 |    379 |    271 |   1 |  975.0 |
               +--------+--------+--------+--------+--------+-----+--------+

Top non-repeatable levels by time:
Vaults:3: 4909 daAuts
Vaults:1: 4285 daAuts
 Snake:4: 3540 daAuts
   Orc:2: 3502 daAuts
Depths:1: 3270 daAuts
Vaults:2: 3134 daAuts
 Snake:3: 2966 daAuts
Vaults:4: 2630 daAuts
 Snake:2: 2489 daAuts
  Lair:5: 2354 daAuts
     D:9: 2350 daAuts
    D:12: 2302 daAuts
  Lair:3: 2296 daAuts
    D:14: 2203 daAuts
     D:6: 1989 daAuts
